 Dungeon Crawl Stone Soup version 0.25-a0-310-g60f0ac2d9a (webtiles) character file.

Game seed: 8500254916200656150, levelgen mode: deterministic

34677 Morrissey the Spear-Bearer (level 13, -2/103 HPs)
             Began as a Merfolk Venom Mage on Dec 24, 2019.
             Was a High Priest of Okawaru.
             Slain by a basilisk (3 damage)
             ... on level 3 of the Lair of Beasts.
             The game lasted 01:01:40 (22663 turns).

Morrissey the Spear-Bearer (Merfolk Venom Mage)    Turns: 22663, Time: 01:01:40

Health: -2/103     AC: 20    Str:  5    XL:     13   Next: 78%
Magic:  19/22      EV: 12    Int: 16    God:    Okawaru [*****.]
Gold:   1171       SH:  0    Dex: 29    Spells: 11/24 levels left

rFire    + . .     SeeInvis +   a - +1 trident (venom)
rCold    + + +     Gourm    .   (no shield)
rNeg     + . .     Faith    .   y - +7 leather armour of the Sun {-Tele *Corrode rElec SInv}
rPois    .         Spirit   .   N - +1 helmet
rElec    +         Reflect  .   d - +1 cloak
rCorr    .         Harm     .   z - +2 pair of gloves
MR       .....     NoTele   +   J - +1 pair of boots "Tazxusk" {rC++ Dex+2}
Stlth    +++.......             (no amulet)
HPRegen  0.27/turn              M - ring "Vuastrusch" {rC+ rN+ Str-3 Dex+9 SInv}
MPRegen  0.18/turn              g - ring of protection from fire

@: petrifying (expiring), hasted, studying Stealth, quick
A: change form in water, swift swim, stealthy swim
a: Heroism, Finesse, Renounce Religion


You were on level 3 of the Lair of Beasts.
You worshipped Okawaru.
Okawaru was extremely pleased with you.
You were hungry.

You visited 3 branches of the dungeon, and saw 18 of its levels.
You also visited: Gauntlet and Ice Cave.

You collected 1171 gold pieces.

Inventory:

Hand Weapons
 a - a +1 trident of venom (weapon)
 R - a +0 hunting sling of velocity
Armour
 d - a +1 cloak (worn)
 r - a +1 pair of boots of stealth
 y - the +7 leather armour of the Sun (worn) {-Tele *Corrode rElec SInv}
   (You found it on level 5 of the Dungeon)

   It insulates you from electricity.
   It lets you see invisible.
   It prevents most forms of teleportation.
   It may corrode you when you take damage.
 z - a +2 pair of gloves (worn)
 J - the +1 pair of boots "Tazxusk" (worn) {rC++ Dex+2}
   (Okawaru gifted it to you on level 11 of the Dungeon)

   It affects your dexterity (+2).
   It greatly protects you from cold.
 N - a +1 helmet (worn)
Magical Staves
 v - an uncursed staff of death
 L - an uncursed staff of air {unknown}
 V - an uncursed staff of earth
Jewellery
 g - a ring of protection from fire (right hand)
 w - an uncursed ring of see invisible
 M - the ring "Vuastrusch" (left hand) {rC+ rN+ Str-3 Dex+9 SInv}
   (You found it in a Gauntlet)

   [ring of protection from cold]

   It affects your strength (-3).
   It affects your dexterity (+9).
   It protects you from cold.
   It protects you from negative energy.
   It lets you see invisible.
 O - an uncursed ring of protection from cold
Wands
 n - a wand of acid (17)
 t - a wand of digging (4)
 B - a wand of paralysis (20)
 G - a wand of enslavement (9)
 H - a wand of iceblast (24)
 W - a wand of polymorph (5)
Scrolls
 b - 3 scrolls of fog
 h - 11 scrolls of teleportation
 i - 4 scrolls of remove curse
 l - a scroll of blinking
 s - 2 scrolls of enchant armour
 u - a scroll of brand weapon
 A - 4 scrolls of amnesia
 C - 2 scrolls of fear
 K - 3 scrolls of random uselessness {unknown}
 S - a scroll of vulnerability {unknown}
Potions
 e - a potion of invisibility
 j - a potion of might
 k - 2 potions of ambrosia
 m - 4 potions of magic
 o - 4 potions of berserk rage
 q - 2 potions of heal wounds {unknown}
 x - 4 potions of flight {unknown}
 D - 2 potions of brilliance
 E - 3 potions of cancellation
 F - a potion of mutation
 I - 3 potions of haste
 Q - a potion of lignification
 T - 3 potions of curing
Books
 P - a manual of Stealth
Comestibles
 c - 22 rations
 p - a chunk of flesh


   Skills:
 - Level 10.1 Fighting
 - Level 14.1 Polearms
 + Level 6.0 Armour
 + Level 11.2 Dodging
 - Level 4.1 Stealth
 - Level 6.2 Spellcasting
 - Level 3.0 Conjurations
 - Level 4.7 Transmutations
 - Level 1.9 Fire Magic
 - Level 2.4 Air Magic
 - Level 10.0 Poison Magic
 - Level 8.0 Invocations


You had 11 spell levels left.
You knew the following spells:

 Your Spells              Type           Power        Failure   Level  Hunger
a - Sting                 Tmut/Pois      ####         1%          1    None
b - Poisonous Vapours     Pois/Air       ###...       2%          2    #......
c - Ignite Poison         Fire/Tmut/Pois ###.....     6%          3    ##.....
d - Olgreb's Toxic Radia  Pois           #####...     3%          4    ####...
e - Mephitic Cloud        Conj/Pois/Air  ###.....     8%          3    ##.....

Your spell library contained the following spells:

 Spells                   Type           Power        Failure   Level  Hunger
 Magic Dart               Conj           ##..         6%          1    None
 Searing Ray              Conj           ##....       9%          2    #......
 Animate Skeleton         Necr           N/A          22%         1    None
 Apportation              Tloc           #.....       22%         1    None
 Confusing Touch          Hex            #.....       22%         1    None
 Corona                   Hex            #......      22%         1    None
 Summon Small Mammal      Summ           #...         22%         1    None
 Conjure Flame            Conj/Fire      ##......     22%         3    ##.....
 Blink                    Tloc           N/A          32%         2    #......
 Call Imp                 Summ           #.......     32%         2    #......
 Ensorcelled Hibernation  Hex/Ice        #.....       32%         2    #......
 Slow                     Hex            #.......     32%         2    #......
 Dazzling Flash           Conj/Hex       #.....       32%         3    ##.....
 Inner Flame              Hex/Fire       #.......     38%         3    ##.....
 Confuse                  Hex            #.......     54%         3    ##.....
 Gell's Gravitas          Tloc           #.........   54%         3    ##.....
 Portal Projectile        Hex/Tloc       #.....       54%         3    ##.....
 Tukima's Dance           Hex            #.......     54%         3    ##.....
 Petrify                  Tmut/Erth      ##......     63%         4    ####...
 Fulminant Prism          Conj/Hex       #.........   73%         4    ####...
 Iskenderun's Mystic Bla  Conj/Tloc      #.......     73%         4    ####...
 Cause Fear               Hex            #.........   91%         4    ####...
 Leda's Liquefaction      Hex/Erth       #.........   91%         4    ####...
 Yara's Violent Unravell  Hex/Tmut       ##........   92%         5    ######.
 Metabolic Englaciation   Hex/Ice        #.........   99%         5    ######.


Dungeon Overview and Level Annotations

Branches:
Dungeon (13/15)            Temple (0/1) D:5            Lair (3/6) D:11
 Spider (0/4) Lair:3          Orc (2/2) D:9           IceCv (visited)
Gauntlet (visited)
  Swamp: Lair:2-4    Shoals: Lair:2-4       Elf: Orc:2       Vaults: D:13-14

Altars:
Dithmenos
Nemelex Xobeh
Okawaru
Qazlal
Trog
Wu Jian
Yredelemnul
Zin

Shops:
D:4 =   D:8 (

Portals:
Trove: D:11 (give 14 scrolls of teleportation)

Annotations:
D:12 3 runed translucent doors, Doxiyg's ghost, journeyman MiBe
Lair:1 3 runed translucent doors, wolfbird's ghost, novice MiFi
Lair:3 Gastronok
Orc:2 Saint Roka


Message History

* * * LOW HITPOINT WARNING * * *
The catoblepas breathes a plume of calcifying dust at you.
The blast of calcifying dust hits you but does no damage.
The basilisk gazes at you.
You are slowing down.
You feel yourself speed up. The basilisk gazes at you.
You easily resist.
The catoblepas breathes a plume of calcifying dust at you.
The blast of calcifying dust hits you but does no damage.
The basilisk bites you.
* * * LOW HITPOINT WARNING * * *
Your limbs are stiffening.
There is a stone staircase leading up here.
Unknown command.
Unknown command.
You are engulfed in calcifying dust.
The catoblepas gores you!
* * * LOW HITPOINT WARNING * * *
The basilisk bites you.
You die...

* *,,,,,............##.......
*,**..#%......#...#P.......
********.P........t............
***,,,,,,,,................#.....
,,,,**,,***,#.#......P...#.#.....
,,*,******,**#...................
,,*,,,,*##*,##..§..........#P....
,,,>,,,,P..##P..§l...#....###P...
,,*,,,,,.....%..@.#.P##...#*P..,*
,,***,,*#.....>.Y§#####.###....,,
,,* ****#.#....§#§.#......#.##..,
,,** *#....§.§...#...##.?###.#
,,,* **#....§..§.).....#..P.....
,,** *,...########..............
,,,* **,.#** *#####......#.#.
,*,***,,,* *#.*,##.........#
*,,,,,,,** *....#..#.....#..


You could see a catoblepas, a basilisk and a crocodile.

Vanquished Creatures
  2 entropy weavers (D:12)
  A minotaur (Gauntlet)
  Snorg (D:12)
  A hell beast (Gauntlet)
  A centaur warrior (D:10)
  A two-headed ogre (D:11)
  A queen ant (D:12)
  Urug (Orc:1)
  An unseen horror (D:11)
  An orc knight (Orc:1)
  Pikel (D:5)
  3 ugly things
  A cyclops (D:12)
  An orc sorcerer (Orc:2)
  2 oklob plants (D:11)
  A manticore (D:11)
  A moth of wrath (Gauntlet)
  Joseph (D:7)
  Psyche (D:9)
  6 spiny frogs
  A minotaur zombie (Gauntlet)
  2 kobold demonologists (D:13)
  3 komodo dragons
  2 trolls (D:12)
  3 slime creatures (D:12)
  A hornet (D:11)
  Prince Ribbit (D:5)
  6 hippogriffs
  A shadow (D:12)
  A vampire (D:9)
  17 yaks
  2 basilisks (Lair:2)
  A hungry ghost (D:9)
  Menkaure (D:7)
  A warg (Orc:1)
  3 swamp worms (Gauntlet)
  2 hell hounds (Gauntlet)
  11 water moccasins
  A porcupine (Lair:3)
  12 soldier ants (D:12)
  6 orc warriors
  2 sky beasts
  16 ice beasts
  A black bear (D:11)
  11 ogres
  4 phantoms
  A slave (D:6)
  An eye of draining (D:10)
  8 centaurs
  5 crocodiles
  4 big kobolds
  Blork the orc (D:6)
  19 bullfrogs
  4 scorpions
  A troll zombie (D:9)
  10 killer bees
  8 wights (D:9)
  3 howler monkeys (D:11)
  5 crimson imps
  4 centaur zombies
  A bullfrog zombie (D:11)
  A quasit (D:7)
  7 hounds
  5 jellies
  2 orc priests
  11 orc wizards
  5 bullfrog skeletons
  2 centaur skeletons
  2 iguanas
  26 worker ants
  A killer bee zombie (D:10)
  7 ogre zombies (D:9)
  A hound zombie (D:10)
  2 hound skeletons
  2 worker ant zombies
  8 gnolls
  A howler monkey skeleton (D:8)
  11 adders
  3 shadow imps
  2 oozes (D:2)
  3 adder skeletons
  5 worms
  3 dart slugs
  9 leopard geckos
  29 orcs
  6 bats
  2 giant cockroaches
  9 goblins
  5 hobgoblins
  8 jackals
  27 kobolds
  7 quokkas
  3 ball pythons
  6 frilled lizards
  A goblin skeleton (D:9)
  2 goblin zombies (D:9)
  A hobgoblin skeleton (D:9)
  4 hobgoblin zombies (D:9)
  3 orc skeletons (D:9)
  13 orc zombies (D:9)
  7 rats
  A fungus (Lair:3)
  3 plants (D:11)
472 creatures vanquished.

Vanquished Creatures (others)
  A slave (D:6)
  An orc priest (D:6)
  2 orcs (D:6)
  A quokka (D:6)
5 creatures vanquished.

Grand Total: 477 creatures vanquished

Notes
Turn   | Place    | Note
-------+----------+-------------------------------------------
     0 | D:1      | Morrissey the Merfolk Venom Mage began the quest for the
                  | Orb.
     0 | D:1      | Reached XP level 1. HP: 13/13 MP: 3/3
   441 | D:1      | Reached XP level 2. HP: 18/19 MP: 1/5
   488 | D:1      | Learned a level 2 spell: Poisonous Vapours
  1246 | D:1      | Reached XP level 3. HP: 24/24 MP: 4/6
  1524 | D:2      | Learned a level 3 spell: Ignite Poison
  1669 | D:2      | Found a bloodstained altar of Trog.
  2041 | D:2      | Reached skill level 1 in Air Magic
  2084 | D:2      | Reached XP level 4. HP: 30/30 MP: 4/8
  2302 | D:2      | Found an iron altar of Okawaru.
  2302 | D:2      | Found a basalt altar of Yredelemnul.
  2308 | D:2      | Found a shadowy altar of Dithmenos.
  2310 | D:2      | Became a worshipper of Warmaster Okawaru
  2313 | D:2      | Found a glowing silver altar of Zin.
  2315 | D:2      | Found a faded altar of an unknown god.
  3168 | D:3      | Reached skill level 1 in Polearms
  3310 | D:3      | Reached XP level 5. HP: 17/35 MP: 9/9
  4943 | D:4      | Noticed an ogre
  4956 | D:4      | Killed an ogre
  4956 | D:4      | Reached skill level 2 in Polearms
  4956 | D:4      | Reached XP level 6. HP: 36/41 MP: 1/11
  5041 | D:4      | Learned a level 4 spell: Olgreb's Toxic Radiance
  5129 | D:4      | Found Ibbeylui's Jewellery Boutique.
  5751 | D:5      | Entered Level 5 of the Dungeon
  5792 | D:5      | Reached skill level 3 in Polearms
  6212 | D:5      | Found a staircase to the Ecumenical Temple.
  6251 | D:5      | Reached XP level 7. HP: 46/46 MP: 8/12
  6387 | D:5      | Learned a level 3 spell: Mephitic Cloud
  6423 | D:5      | Reached * piety under Okawaru
  6471 | D:5      | Got a translucent leather armour
  6761 | D:6      | Reached skill level 4 in Polearms
  6765 | D:6      | Noticed Pikel
  6781 | D:5      | Killed Pikel
  6781 | D:5      | Reached skill level 5 in Polearms
  6781 | D:5      | Reached skill level 1 in Fire Magic
  6781 | D:5      | Reached skill level 5 in Poison Magic
  6781 | D:5      | Reached XP level 8. HP: 37/52 MP: 7/13
  6878 | D:6      | Noticed Prince Ribbit
  7126 | D:5      | Killed Prince Ribbit
  7126 | D:5      | Reached skill level 6 in Polearms
  7586 | D:6      | Noticed Blork the orc
  7599 | D:6      | Killed Blork the orc
  7599 | D:6      | Reached ** piety under Okawaru
  7798 | D:6      | Found a sparkling altar of Nemelex Xobeh.
  8065 | D:7      | Reached skill level 7 in Polearms
  8178 | D:7      | Identified the +7 leather armour of the Sun {-Tele *Corrode
                  | rElec SInv} (You found it on level 5 of the Dungeon)
  8342 | D:7      | Noticed Joseph
  8378 | D:7      | Killed Joseph
  8378 | D:7      | Reached skill level 1 in Fighting
  8378 | D:7      | Reached skill level 1 in Armour
  8378 | D:7      | Reached skill level 5 in Dodging
  8378 | D:7      | Reached XP level 9. HP: 32/59 MP: 2/14
  8731 | D:7      | Found a stormy altar of Qazlal.
  8747 | D:7      | Reached skill level 8 in Polearms
  9150 | D:7      | Reached skill level 1 in Invocations
  9403 | D:7      | Noticed Menkaure
  9410 | D:7      | Killed Menkaure
  9637 | D:8      | Noticed a green ugly thing
  9662 | D:7      | Reached *** piety under Okawaru
  9810 | D:8      | Reached skill level 9 in Polearms
 10115 | D:8      | Found Disan's Antique Weapon Boutique.
 10181 | D:8      | Reached XP level 10. HP: 51/70 MP: 15/15
 10479 | D:8      | Reached **** piety under Okawaru
 10559 | D:8      | Found an ornate altar of the Wu Jian Council.
 10627 | D:9      | Reached skill level 10 in Polearms
 11081 | D:9      | Received a gift from Okawaru
 11084 | D:9      | Reached skill level 11 in Polearms
 11528 | D:9      | Found a staircase to the Orcish Mines.
 11570 | D:9      | Reached ***** piety under Okawaru
 11811 | D:9      | Noticed Psyche
 11816 | D:9      | Killed Psyche
 11816 | D:9      | Reached skill level 5 in Fighting
 11816 | D:9      | Reached skill level 5 in Armour
 11816 | D:9      | Reached XP level 11. HP: 79/79 MP: 5/16
 12125 | D:10     | Entered Level 10 of the Dungeon
 12595 | D:10     | Reached skill level 12 in Polearms
 12595 | D:10     | Reached skill level 5 in Invocations
 12634 | D:10     | Noticed a centaur warrior
 12654 | D:10     | Killed a centaur warrior
 13377 | D:11     | Noticed a two-headed ogre
 13470 | D:11     | Paralysed by a hornet for 3 turns
 13501 | D:11     | Noticed a manticore
 13510 | D:11     | Reached skill level 13 in Polearms
 13518 | D:11     | Noticed an unseen horror
 13535 | D:11     | Killed a manticore
 13546 | D:11     | Killed an unseen horror
 13546 | D:11     | Received a gift from Okawaru
 13556 | D:11     | Got a pair of smoking boots {god gift}
 13736 | D:11     | Identified the +1 pair of boots "Tazxusk" {rC++ Dex+2}
                  | (Okawaru gifted it to you on level 11 of the Dungeon)
 14340 | D:11     | Noticed an oklob plant
 14351 | D:11     | Found a staircase to the Lair.
 14390 | D:11     | Killed a two-headed ogre
 14390 | D:11     | Reached skill level 14 in Polearms
 14483 | D:11     | Found a portal to a secret trove of treasure.
 14571 | D:11     | Noticed an oklob plant
 14839 | D:12     | Found a gate leading to a gauntlet.
 14848 | Gauntlet | Entered a Gauntlet
 14848 | Gauntlet | Found a transporter.
 14858 | Gauntlet | Found a transporter.
 14860 | Gauntlet | Found a transporter.
 14862 | Gauntlet | Found a large runed translucent door.
 14862 | Gauntlet | Found a large runed translucent door.
 14884 | Gauntlet | Found a transporter.
 14888 | Gauntlet | Noticed a moth of wrath
 14891 | Gauntlet | Found a transporter.
 14893 | Gauntlet | Found a transporter.
 14903 | Gauntlet | Killed a moth of wrath
 14908 | Gauntlet | Found a large runed translucent door.
 14909 | Gauntlet | Found a large runed translucent door.
 14909 | Gauntlet | Found a large runed translucent door.
 14909 | Gauntlet | Found a runed translucent door.
 14909 | Gauntlet | Found a runed translucent door.
 14909 | Gauntlet | Found a large runed translucent door.
 14910 | Gauntlet | Found a large runed translucent door.
 14910 | Gauntlet | Found a large runed translucent door.
 14911 | Gauntlet | Found a large runed translucent door.
 14912 | Gauntlet | Found a large runed translucent door.
 14918 | Gauntlet | Found a transporter.
 14936 | Gauntlet | Reached skill level 10 in Dodging
 14942 | Gauntlet | Found a transporter.
 15083 | Gauntlet | Noticed a hell beast
 15083 | Gauntlet | Found a transporter.
 15085 | Gauntlet | Found a large runed translucent door.
 15106 | Gauntlet | Killed a hell beast
 15106 | Gauntlet | Reached XP level 12. HP: 55/86 MP: 10/17
 15116 | Gauntlet | Found a large runed translucent door.
 15116 | Gauntlet | Found a large runed translucent door.
 15117 | Gauntlet | Found a runed translucent gate.
 15123 | Gauntlet | Got a brightly glowing platinum ring
 15151 | Gauntlet | Identified the ring "Vuastrusch" {rC+ rN+ Str-3 Dex+9 SInv}
                  | (You found it in a Gauntlet)
 15154 | Gauntlet | Found a transporter.
 15165 | Gauntlet | Noticed a minotaur
 15195 | Gauntlet | Killed a minotaur
 16308 | D:12     | Noticed a queen ant
 16308 | D:12     | Noticed an entropy weaver
 16311 | D:12     | Noticed an entropy weaver
 16316 | D:12     | Killed an entropy weaver
 16331 | D:12     | Killed a queen ant
 16611 | D:12     | Found a runed translucent gate.
 16611 | D:12     | Found a runed translucent gate.
 16611 | D:12     | Found a runed translucent gate.
 16611 | D:12     | Found an iron altar of Okawaru.
 16611 | D:12     | Noticed a centaur warrior
 16611 | D:12     | Noticed a naga warrior
 16611 | D:12     | Noticed a merfolk impaler
 16611 | D:12     | Noticed a tengu warrior
 16611 | D:12     | Noticed Doxiyg's ghost (journeyman MiBe)
 16690 | D:12     | Reached ****** piety under Okawaru
 16738 | D:12     | Killed an entropy weaver
 16738 | D:12     | Received a gift from Okawaru
 17179 | D:12     | Noticed Snorg
 17233 | D:12     | Killed Snorg
 17233 | D:12     | Reached skill level 10 in Poison Magic
 17700 | D:12     | Reached XP level 13. HP: 101/101 MP: 19/19
 18018 | D:13     | Received a gift from Okawaru
 18018 | D:13     | Reached skill level 10 in Fighting
 18154 | Orc:1    | Entered Level 1 of the Orcish Mines
 18316 | Orc:2    | Entered Level 2 of the Orcish Mines
 18327 | Orc:2    | Noticed Urug
 18328 | Orc:2    | Noticed Saint Roka
 18342 | Orc:1    | Killed Urug
 18342 | Orc:1    | Reached skill level 5 in Spellcasting
 19560 | D:11     | Reached skill level 1 in Conjurations
 19581 | Lair:1   | Entered Level 1 of the Lair of Beasts
 19823 | Lair:1   | You fall into a shaft and drop 1 floor!
 20455 | Lair:1   | Noticed wolfbird's ghost (novice MiFi)
 20467 | Lair:1   | Found a runed translucent gate.
 20468 | Lair:1   | Found a runed translucent gate.
 20469 | Lair:1   | Found a runed translucent gate.
 20674 | Lair:1   | Received a gift from Okawaru
 21826 | Lair:3   | Noticed Gastronok
 21917 | Lair:3   | Found a frozen archway.
 22052 | IceCv    | Entered an ice cave
 22663 | Lair:3   | HP: 1/103 [catoblepas (10)]
 22663 | Lair:3   | Slain by a basilisk

Levels and vault maps discovered:
D:1:      nicolae_arrival_washed_ashore, layout_loops_corners,
          lexackson_kobold_supper
D:2:      layout_basic, chequers_temple_overflow_minitemple, bloody_trog,
          minmay_misc_feat_pillars, minmay_diced_spiral
D:3:      layout_basic, first_ration
D:4:      layout_basic, serial_shops, shop
D:5:      layout_loops_cross, minmay_temple_entry_glass
D:6:      layout_loops_cross, nemelex_xobeh_ov_fountains_minmay, basic_altar,
          uniq_prince_ribbit1, uniq_blork_the_orc, uniq_pikel
D:7:      layout_basic, lemuel_doored_altar, serial_co_window_serial,
          co_window_paths_a, co_window_of_opportunity_a,
          co_window_of_opportunity_a, co_window_corner_a,
          co_window_of_opportunity_a, co_window_cross_2,
          co_window_unsneaky_path_b, co_window_broadway_c, co_window_broadway_a,
          glass_columns_a, uniq_menkaure, uniq_joseph
D:8:      minmay_bloctagon_deflated, layout_cave_pools,
          lemuel_coloured_pillars_altar, serial_shops,
          nicolae_shop_overgrown_old_shop, serial_rivers,
          chequers_serial_rivers_micro_c, chequers_serial_rivers_small_3,
          chequers_serial_rivers_micro_c, chequers_serial_rivers_micro_e,
          chequers_serial_rivers_marsh, grunt_ogre_cave
D:9:      layout_stronghold, zombieorc2_lemuel, uniq_psyche
D:10:     layout_stronghold
D:11:     layout_rooms, dpeg_oklobed_lair, enter_trove_6,
          wad_floor_pattern_untrapped
D:12:     layout_basic, gauntlet_entry_generic, gammafunk_ghost_fury_of_okawaru,
          minmay_another_anthill, uniq_snorg
D:13:     layout_basic, david_vaults_4
Lair:1:   layout_misc_corridors, gammafunk_ghost_split,
          grunt_forest_small_clearing_treed, grunt_megastairs_3
Lair:2:   layout_cave_pods, grunt_megastairs_1
Lair:3:   layout_misc_corridors, spider_nest_entry_rubble,
          portal_ice_cave_entry_ice_beasts, uniq_gastronok
Orc:1:    layout_diamond_mine, serial_shops, shop, nicolae_shop_behind_doors
Orc:2:    grunt_orc_cross, layout_caves, enter_volcano_1

Skill      XL: |  1  2  3  4  5  6  7  8  9 10 11 12 13 |
---------------+----------------------------------------+-----
Transmutations | 2 3 4 |  4.7
Air Magic      | 1 2 |  2.4
Spellcasting   | 3 6 |  6.2
Polearms       | 1 2 3 5 7 9 11 14 | 14.1
Poison Magic   | 4 5 6 10 | 10.0
Dodging        | 3 5 6 7 10 11 | 11.2
Stealth        | 3 4 |  4.1
Fire Magic     | 1 |  1.9
Fighting       | 1 3 5 9 10 | 10.1
Armour         | 1 3 5 6 |  6.0
Invocations    | 2 4 7 8 |  8.0
Conjurations   | 3 |  3.0

Action                   |  1- 3 |  4- 6 |  7- 9 | 10-12 | 13-15 || total
-------------------------+-------+-------+-------+-------+-------++-------
Melee: Unarmed           |     5 |       |       |       |       ||     5
       Dagger            |    50 |    14 |       |       |       ||    64
       Trident           |       |    69 |   316 |  1191 |   827 ||  2403
       Tailslap          |       |       |     9 |       |       ||     9
       Punch             |       |       |       |     4 |       ||     4
 Cast: Sting             |    63 |    32 |    14 |     4 |     5 ||   118
       Poisonous Vapours |     1 |    16 |    27 |     2 |     8 ||    54
       Olgreb's Toxic Ra |       |       |     4 |    17 |    10 ||    31
       Ignite Poison     |       |       |     2 |    24 |    16 ||    42
       Mephitic Cloud    |       |       |       |     8 |     6 ||    14
Invok: Heroism           |       |       |       |     3 |     4 ||     7
       Finesse           |       |       |       |     3 |     3 ||     6
  Use: Scroll            |     2 |     8 |     4 |     8 |     8 ||    30
       Potion            |       |       |       |     4 |     1 ||     5
 Stab: Sleeping          |       |     5 |     3 |    17 |     5 ||    30
       Distracted        |       |       |     1 |     4 |     2 ||     7
       Invisible         |       |       |       |     3 |       ||     3
  Eat: Chunk             |     5 |    10 |    15 |    16 |    10 ||    56
       Ration            |       |     1 |       |     5 |     3 ||     9
Armor: Robe              |    11 |    17 |    17 |       |       ||    45
       Leather armour    |       |       |    55 |   222 |   167 ||   444
Dodge: Dodged            |    64 |    48 |   213 |   697 |   468 ||  1490

Table legend:
 A = Non-vault XP
 B = Vault XP
 C = Vault XP percentage of total XP
 D = Non-vault monster count
 E = Vault monster count
 F = Vault count percentage of total count
                 A         B        C        D         E       F
            +---------+---------+-------+---------+---------+-------
      Total |   28094 |   21445 |  43.3 |     335 |     132 |  28.3
            +---------+---------+-------+---------+---------+-------
        D:1 |      28 |      10 |  26.3 |      15 |       6 |  28.6
        D:2 |      62 |      16 |  20.5 |      28 |       5 |  15.2
        D:3 |      63 |       0 |   0.0 |      13 |       0 |   0.0
        D:4 |     250 |       0 |   0.0 |       6 |       0 |   0.0
        D:5 |     315 |     897 |  74.0 |      10 |       2 |  16.7
        D:6 |     232 |      94 |  28.8 |      19 |       1 |   5.0
        D:7 |     773 |     650 |  45.7 |      18 |       2 |  10.0
        D:8 |    1156 |     466 |  28.7 |      26 |       5 |  16.1
        D:9 |    3574 |    1118 |  23.8 |      51 |      36 |  41.4
       D:10 |    2043 |       0 |   0.0 |      23 |       0 |   0.0
       D:11 |    5276 |    1092 |  17.1 |      47 |       2 |   4.1
       D:12 |    4374 |    7361 |  62.7 |      30 |      34 |  53.1
       D:13 |    1255 |       0 |   0.0 |       7 |       0 |   0.0
     Lair:1 |    3393 |     332 |   8.9 |      16 |       2 |  11.1
     Lair:2 |    3729 |     518 |  12.2 |      17 |       3 |  15.0
     Lair:3 |    1317 |    1046 |  44.3 |       7 |       8 |  53.3
      Orc:1 |     254 |    1629 |  86.5 |       2 |       4 |  66.7
      Orc:2 |       0 |    1035 | 100.0 |       0 |       6 | 100.0
      IceCv |       0 |    1325 | 100.0 |       0 |       7 | 100.0
   Gauntlet |       0 |    3856 | 100.0 |       0 |       9 | 100.0
            +---------+---------+-------+---------+---------+-------
